 Dungeon Crawl Stone Soup version 0.31-a0-229-g1fc7ce93e2 (webtiles) character file.

Game seed: 15293351656183404878

352 qw the Shooter (level 6, 0/37 HPs)
             Began as a Gargoyle Hexslinger on July 6, 2023.
             Slain by an ogre
             ... wielding a +0 giant spiked club
              (16 damage)
             ... on level 5 of the Dungeon.
             The game lasted 00:01:17 (3092 turns).

qw the Shooter (Gargoyle Hexslinger)                Turns: 3092, Time: 00:01:18

Health: 0/37       AC: 10    Str: 11    XL:     6   Next: 61%
Magic:  0/7        EV: 10    Int: 14    God:
Gold:   209        SH:  0    Dex: 14    Spells: 6/7 levels left

rFire   . . .        Y - +1 sling
rCold   . . .        (no shield)
rNeg    + . .        g - +0 ring mail
rPois   inf          j - +0 helmet
rElec   +            (no cloak)
rCorr   .            (no gloves)
SInv    .            (no boots)
Will    .....        d - amulet of guardian spirit
Stlth   +            (no ring)
HPRegen 0.26/turn    (no ring)
MPRegen 0.10/turn

%: guardian spirit
@: no status effects
A: sickness immunity, AC +4, negative energy resistance 1, electricity
resistance, torment resistance 1, petrification resistance
a: no special abilities


You were on level 5 of the Dungeon.
You visited 1 branch of the dungeon, and saw 5 of its levels.

You collected 209 gold pieces.


Innate Abilities, Weirdness & Mutations

You are immune to sickness and miasma.
Your stone body is resilient. (AC +4)
You are immune to poison.
You resist negative energy. (rN+)
You are resistant to electric shocks. (rElec)
You are resistant to unholy torment.
You are immune to petrification.


   Skills:
 + Level 3.2 Fighting
 - Level 6.0 Ranged Weapons
 - Level 1.2 Armour
 - Level 1.5 Dodging
 - Level 1.0 Spellcasting
 - Level 2.6 Hexes


You had 6 spell levels left.
You knew the following spells:

 Your Spells              Type           Power      Damage    Failure   Level
a - Slow                  Hex            32%        N/A       21%         1

Your spell library contained the following spells:

 Spells                   Type           Power      Damage    Failure   Level
 Inner Flame              Hex/Fire       4%         N/A       71%         3
 Portal Projectile        Hex/Tloc       8%         N/A       71%         3
 Cause Fear               Hex            4%         N/A       90%         4

Inventory:

Hand Weapons
 Y - a +1 sling (weapon)
Armour
 g - a +0 ring mail (worn)
 j - a +0 helmet (worn)
Jewellery
 d - an amulet of guardian spirit (around neck)
Scrolls
 h - 3 scrolls of identify
Potions
 a - a potion of degeneration {unknown}
 b - a potion of might
 c - a potion of mutation

Dungeon Overview and Level Annotations

Branches:
Dungeon (5/15)
 Temple: D:4-7

Altars:
Dithmenos
Gozag
Hepliaklqana

Annotations:
D:2 1 runed translucent door, Crazy Yiuf


Message History

The ice beast hits you but does no damage.
You shoot a sling bullet. The sling bullet hits the ice beast.
You kill the ice beast!
Your Ranged Weapons skill increases to level 6!
You hear the slow rusting of a distant drain.
An ogre comes into view. It is wielding a +0 giant spiked club.
Found 18 gold pieces.
The ogre shouts!
You shoot a sling bullet.
The sling bullet barely misses the ogre.
You shoot a sling bullet. The sling bullet hits the ogre.
The ogre is lightly wounded.
You shoot a sling bullet. The sling bullet hits the ogre.
The ogre is lightly wounded.
You shoot a sling bullet. The sling bullet hits the ogre!
The ogre is heavily wounded.
You shoot a sling bullet. The sling bullet hits the ogre.
The ogre is heavily wounded.
The ogre hits you with a +0 giant spiked club!
You shoot a sling bullet. The sling bullet hits the ogre.
The ogre is heavily wounded.
The ogre closely misses you.
You shoot a sling bullet.
The sling bullet barely misses the ogre.
You shoot a sling bullet. The sling bullet hits the ogre.
The ogre is severely wounded.
The ogre barely misses you.
You shoot a sling bullet.
The sling bullet completely misses the ogre.
The ogre closely misses you.
You shoot a sling bullet. The sling bullet hits the ogre.
The ogre is almost dead.
The ogre barely misses you.
You shoot a sling bullet.
The sling bullet barely misses the ogre.
The ogre hits you with a +0 giant spiked club!
You shoot a sling bullet.
The sling bullet closely misses the ogre.
The ogre hits you with a +0 giant spiked club!!
You die...

#$# .. #. ####.
#.## ....!. ..#
...... #.##......
#......... #.#
#.@O...#
#.#####......#
#.##.........##
#.##............
#.##.........#..
#.##.........# .
....#
#.##.........#
...
####.##.........#
...
#...............#


You could see an ogre.

Vanquished Creatures
  An ice beast (D:5)
  A scorpion (D:4)
  A hound (D:4)
  2 orc wizards
  An iguana (D:4)
  4 adders
  A worm (D:2)
  A dart slug (D:1)
  9 orcs
  3 ball pythons
  4 endoplasms
  2 giant cockroaches (D:2)
  8 goblins
  4 hobgoblins
  3 jackals (D:4)
  A quokka (D:1)
  6 bats
  6 frilled lizards
  2 kobolds
  4 rats
64 creatures vanquished.

Notes
Turn   | Place    | Note
-------+----------+-------------------------------------------
     0 | D:1      | qw the Gargoyle Hexslinger began the quest for the Orb.
     0 | D:1      | Reached XP level 1. HP: 12/12 MP: 2/2
     0 | D:1      | 0 ||| qw: Version: 0.3-a-46-gb1f654a
     0 | D:1      | 0 ||| qw: Game counter: 1252
     0 | D:1      | 0 ||| qw: Melee chars always use a shield: true
     0 | D:1      | 0 ||| qw: God list: Okawaru
     0 | D:1      | 0 ||| qw: Allow faded altars: false
     0 | D:1      | 0 ||| qw: Do Orc after clearing Dungeon:15 true
     0 | D:1      | 0 ||| qw: Do second Lair branch before Depths: true
     0 | D:1      | 0 ||| qw: Lair rune preference: random
     0 | D:1      | 0 ||| qw: Goals: Normal
     0 | D:1      | 0 ||| PLANNING D:1-11
   126 | D:1      | Reached XP level 2. HP: 16/16 MP: 3/3
   328 | D:1      | Reached skill level 3 in Ranged Weapons
   555 | D:1      | 555 ||| UPGRADING to +0 leather armour.
   565 | D:1      | 565 ||| DROPPING +0 robe.
   566 | D:1      | 566 ||| UPGRADING to +0 ring mail.
   576 | D:1      | 576 ||| DROPPING +0 leather armour.
   577 | D:1      | 577 ||| UPGRADING to +0 helmet.
   582 | D:1      | 582 ||| UPGRADING to amulet of guardian spirit.
   587 | D:1      | 587 ||| READING scroll labelled TOOPTU MASMOD.
   588 | D:1      | 588 ||| READING 3 scrolls labelled COYMES CIHUCYDUR.
   589 | D:1      | 589 ||| READING scroll labelled ERPHATHR ZAGOUT.
   590 | D:1      | 590 ||| DROPPING scroll of poison.
   652 | D:2      | Reached XP level 3. HP: 21/21 MP: 4/4
   720 | D:2      | Found a runed translucent door.
   721 | D:2      | Noticed Crazy Yiuf
   933 | D:2      | Reached skill level 1 in Armour
  1126 | D:2      | Found a faded altar of an unknown god.
  1156 | D:2      | 1156 ||| READING scroll labelled HEUVUF LE NICW.
  1215 | D:2      | 1215 ||| DRINKING 2 cyan potions.
  1216 | D:2      | 1216 ||| READING 2 scrolls of identify.
  1216 | D:2      | 1216 ||| IDENTIFYING bubbling grey potion
  1423 | D:3      | 1423 ||| DRINKING potion of curing.
  1423 | D:3      | 1423 ||| (to cure confusion)
  1429 | D:3      | Reached XP level 4. HP: 26/26 MP: 5/5
  1574 | D:3      | Noticed a shadow
  1575 | D:3      | Found a shadowy altar of Dithmenos.
  1576 | D:3      | Found a hazy altar of Hepliaklqana.
  1671 | D:3      | Reached skill level 4 in Ranged Weapons
  2097 | D:3      | 2097 ||| READING 2 scrolls labelled VIOBOUNEMAN.
  2098 | D:3      | 2098 ||| READING scroll labelled SOPAQE XAMMIEW.
  2099 | D:3      | 2099 ||| READING 2 scrolls of identify.
  2099 | D:3      | 2099 ||| IDENTIFYING sapphire potion
  2100 | D:3      | 2100 ||| DROPPING scroll of revelation.
  2136 | D:4      | 2136 ||| STAIRDANCE
  2182 | D:4      | Reached XP level 5. HP: 22/30 MP: 3/6
  2290 | D:4      | HP: 6/30 [something (3)]
  2293 | D:4      | 2293 ||| READING scroll of teleportation.
  2294 | D:4      | 2294 ||| DRINKING potion of heal wounds.
  2330 | D:4      | Reached skill level 5 in Ranged Weapons
  2369 | D:4      | Reached XP level 6. HP: 11/36 MP: 1/7
  2542 | D:4      | Found an opulent altar of Gozag.
  2672 | D:4      | Reached skill level 3 in Fighting
  2905 | D:4      | 2905 ||| READING scroll labelled APSERAF OMOMA.
  3006 | D:4      | 3006 ||| READING 4 scrolls of identify.
  3006 | D:4      | 3006 ||| IDENTIFYING fuming silvery potion
  3030 | D:5      | Entered Level 5 of the Dungeon
  3031 | D:5      | 3031 ||| PLANNING SEWER
  3057 | D:5      | Noticed an ice beast
  3071 | D:5      | Killed an ice beast
  3072 | D:5      | Reached skill level 6 in Ranged Weapons
  3092 | D:5      | Slain by an ogre

Levels and vault maps discovered:
D:1:      lightli_arrival_boilingwater, layout_basic, nrook_loot_triangle,
          minmay_misc_feat_tiny
D:2:      layout_basic, hellmonk_ecumenical_altar_leap_of_faith,
          minmay_misc_feat_x, uniq_crazy_yiuf_cottage
D:3:      layout_loops_corners, riverfiend_overflow_shadow_ancestor
D:4:      layout_rooms, nicolae_gozag_cash_rules_everything_around_me
D:5:      layout_basic, mainiacjoe_overflow_boulevard, serial_shops, shop,
          lightli_sewer_entry_pipes

Skill      XL: |  1  2  3  4  5  6 |
---------------+-------------------+-----
Ranged Weapons | 3 4 5 6 |  6.0
Fighting       | 2 3 |  3.2
Armour         | 1 |  1.2
Dodging        | |  1.5
Spellcasting   | |  1.0
Hexes          | |  2.6

Action                     |  1- 3 |  4- 6 || total
---------------------------+-------+-------++-------
   Fire: Sling             |   113 |   202 ||   315
    Use: Scroll            |     5 |     6 ||    11
         Potion            |     2 |     1 ||     3
 Armour: Robe              |     8 |       ||     8
         Ring mail         |    24 |   110 ||   134
  Dodge: Dodged            |    23 |    81 ||   104

Table legend:
 A = Non-vault XP
 B = Vault XP
 C = Vault XP percentage of total XP
 D = Non-vault monster count
 E = Vault monster count
 F = Vault count percentage of total count
                 A         B        C        D         E       F
            +---------+---------+-------+---------+---------+-------
      Total |     503 |       0 |   0.0 |      64 |       0 |   0.0
            +---------+---------+-------+---------+---------+-------
        D:1 |      29 |       0 |   0.0 |      19 |       0 |   0.0
        D:2 |      31 |       0 |   0.0 |      11 |       0 |   0.0
        D:3 |      69 |       0 |   0.0 |      15 |       0 |   0.0
        D:4 |     242 |       0 |   0.0 |      18 |       0 |   0.0
        D:5 |     132 |       0 |   0.0 |       1 |       0 |   0.0
            +---------+---------+-------+---------+---------+-------
